 Dungeon Crawl Stone Soup version 0.23.0 (webtiles) character file.

Game seed: 14990767137026697153

102 Revguard the Chopper (level 4, -19/40 HPs)
             Began as a Hill Orc Monk on Feb 14, 2019.
             Demolished by an ogre
             ... wielding a +0 giant club
              (24 damage)
             ... on level 3 of the Dungeon.
             The game lasted 00:08:32 (2020 turns).

Revguard the Chopper (Hill Orc Monk)                Turns: 2020, Time: 00:08:33

Health: -19/40     AC: 11    Str: 14    XL:     4   Next: 77%
Magic:  4/4        EV:  4    Int: 10    God:
Gold:   152        SH:  0    Dex: 13    Spells: 3/3 levels left

rFire    . . .     SeeInvis .   a - +0 hand axe
rCold    . . .     Gourm    .   (no shield)
rNeg     . . .     Faith    .   o - +0 plate armour
rPois    .         Spirit   .   (no helmet)
rElec    .         Reflect  .   (no cloak)
rCorr    .         Harm     .   (no gloves)
MR       .....                  (no boots)
Stlth    ..........             (no amulet)
HPRegen  0.13/turn              (no ring)
MPRegen  0.09/turn              (no ring)

@: no status effects
A: no striking features
a: no special abilities


You were on level 3 of the Dungeon.
You were not hungry.

You visited 1 branch of the dungeon, and saw 3 of its levels.

You collected 152 gold pieces.

Inventory:

Hand Weapons
 a - a +0 hand axe (weapon)
Armour
 o - a +0 plate armour (worn)
Jewellery
 g - an uncursed amulet of the acrobat
Scrolls
 d - a scroll of random uselessness {unknown}
 k - 3 scrolls of noise {unknown}
 n - a scroll of fear {unknown}
 p - 3 scrolls of identify
Potions
 f - a potion of magic
Comestibles
 c - 6 rations


   Skills:
 + Level 4.2 Fighting
 + Level 5.1 Axes
 * Level 2.5 Armour
 + Level 2.8 Dodging
 - Level 1.5 Stealth


You had 3 spell levels left.
You didn't know any spells.
Your spell library was empty.

Dungeon Overview and Level Annotations

Branches:
Dungeon (3/15)

Altars:
Ashenzari


Message History

The adder completely misses you. The adder bites you but does no damage.
The ogre hits you with a +0 giant club!
You hit the ogre.
The ogre is lightly wounded.
Your plate armour prevents you from hitting the adder.
The adder bites you but does no damage.
You hit the ogre.
The ogre is lightly wounded.
You hit the adder. The adder bites you.
The ogre hits you with a +0 giant club!!
Ouch! That really hurt!
* * * LOW HITPOINT WARNING * * *
The adder bites you but does no damage.
Okay, then.
As you read the scroll labeled UNLOAC JUDUEQU, it crumbles to dust.
The creatures around you are filled with an inner flame!
It was a scroll of immolation.
The ogre hits you with a +0 giant club!!
Ouch! That really hurt!
You die...

#...........#####.#####.#
##.#....................#
...#.#####.####.#.......#
.....(....).............#
...#.#####.####.#.......#
#.##.#####.# #.#.......#
#..........# #.........#
#....#############......##
#.#### ......S@O........
#.# ......###.$....## #..
..... ##.#(#.# ### ....
...# .. . ... .... . # ..
...#.# . ...#.# ##.#


You could see an ogre (inner flame) and an adder (inner flame).

Vanquished Creatures
  An orc wizard (D:3)
  An ooze (D:2)
  2 dart slugs
  A leopard gecko (D:2)
  4 orcs (D:3)
  8 bats
  3 giant cockroaches
  5 goblins
  4 hobgoblins
  7 jackals
  3 quokkas
  A ball python (D:2)
  3 frilled lizards (D:2)
  7 kobolds
  5 rats
55 creatures vanquished.

Notes
Turn   | Place    | Note
-------+----------+-------------------------------------------
     0 | D:1      | Revguard the Hill Orc Monk began the quest for the Orb.
     0 | D:1      | Reached XP level 1. HP: 19/19 MP: 1/1
   130 | D:1      | Reached XP level 2. HP: 10/27 MP: 2/2
   786 | D:2      | Reached skill level 1 in Armour
   805 | D:2      | Reached XP level 3. HP: 33/33 MP: 3/3
  1139 | D:2      | Found a shattered altar of Ashenzari.
  1687 | D:3      | Reached XP level 4. HP: 40/40 MP: 4/4
  1802 | D:3      | Reached skill level 5 in Axes
  2009 | D:3      | Noticed an ogre
  2020 | D:3      | Demolished by an ogre

Skill      XL: |  1  2  3  4 |
---------------+-------------+-----
Fighting       | 4 |  4.2
Armour         | 1 2 |  2.5
Axes           | 5 |  5.1
Dodging        | |  2.8
Stealth        | |  1.5

Action                   |  1- 3 |  4- 6 || total
-------------------------+-------+-------++-------
Melee: Hand axe          |   114 |    58 ||   172
  Use: Scroll            |     3 |     1 ||     4
       Potion            |     1 |     3 ||     4
 Stab: Sleeping          |     1 |       ||     1
  Eat: Chunk             |     1 |       ||     1
       Ration            |       |     1 ||     1
Armor: Robe              |    16 |       ||    16
       Leather armour    |    26 |       ||    26
       Plate armour      |    17 |    51 ||    68
       Ring mail         |     4 |       ||     4
Dodge: Dodged            |   133 |    16 ||   149
